TOP OF THE 1ST |
Nashville Sounds batting - Pitching for Toledo Mud Hens : RHP Andy Miller
|
Pitching: RHP Andy Miller
|
|
Batting: RHB Jeff Garofalo
|
0-0: Ball 1-0: Ball 2-0: Ball 3-0: Base on Balls
|
Batting: SHB Robert Santiago
|
0-0: Called Strike 0-1: Ball Jeff Garofalo is caught stealing 2nd base 2-6 1-1: Fly out, F8 (Flyball, 8LD, EV 78.8 MPH)
|
Batting: RHB Tim Cordle
|
0-0: Ball 1-0: Ball 2-0: Called Strike 2-1: Fly out, F8 (Flyball, 8LM, EV 87.5 MPH)
|
Top of the 1st over - 0 runs, 0 hits, 0 errors, 0 left on base; Nashville 0 - Toledo 0 |
BOTTOM OF THE 1ST |
Toledo Mud Hens batting - Pitching for Nashville Sounds : LHP Kevin Clark
|
Pitching: LHP Kevin Clark
|
|
Batting: LHB Bill Ford
|
0-0: Foul Ball, location: 2F 0-1: Ball 1-1: Ball 2-1: Foul Ball, location: 2F 2-2: Fly out, F9 (Flyball, 9D, EV 83.8 MPH)
|
Batting: RHB J.J. Basil
|
0-0: Ball 1-0: SINGLE (Groundball, 6MD, EV 113.8 MPH) (infield hit)
|
Batting: RHB Joel Miller
|
0-0: Ball J.J. Basil is caught stealing 2nd base 2-4 1-0: Fly out, F7 (Flyball, 7, EV 82.5 MPH)
|
Bottom of the 1st over - 0 runs, 1 hit, 0 errors, 0 left on base; Nashville 0 - Toledo 0 |
TOP OF THE 2ND |
Nashville Sounds batting - Pitching for Toledo Mud Hens : RHP Andy Miller
|
Batting: RHB David Herrera
|
0-0: Fly out, F7 (Line Drive, 78M, EV 94.4 MPH)
|
Batting: RHB Ryan Kinkead
|
0-0: Foul Ball, location: 2F 0-1: Ball 1-1: Swinging Strike 1-2: Ball 2-2: Ball 3-2: Base on Balls
|
Batting: RHB Wade Diamond
|
0-0: Ball 1-0: SINGLE (Groundball, 13S, EV 69.4 MPH) (infield hit) Ryan Kinkead to second
|
Batting: SHB D.J. Codd
|
0-0: Called Strike 0-1: Called Strike 0-2: Foul Ball, location: 2F 0-2: Strikes out swinging
|
Batting: RHB Robby Godwin
|
0-0: Called Strike 0-1: Swinging Strike 0-2: Ball 1-2: Foul Ball, location: 2F 1-2: Ball 2-2: Fly out, F9 (Flyball, 9S, EV 88.1 MPH)
|
Top of the 2nd over - 0 runs, 1 hit, 0 errors, 2 left on base; Nashville 0 - Toledo 0 |
BOTTOM OF THE 2ND |
Toledo Mud Hens batting - Pitching for Nashville Sounds : LHP Kevin Clark
|
Batting: LHB Jon Frederick
|
0-0: Called Strike 0-1: Ball 1-1: Called Strike 1-2: Reached on error, E5 (Groundball, 5L, EV 80.0 MPH)
|
Batting: RHB Dan Becvar
|
0-0: Ball 1-0: Called Strike 1-1: Ball 2-1: Called Strike 2-2: Foul Ball, location: 2F 2-2: Foul Ball, location: 2F 2-2: Strikes out swinging
|
Batting: RHB Keith Hoffman
|
0-0: Fly out, F8 (Flyball, 8LXD, EV 84.4 MPH) Runner from 2nd tags up, SAFE at 3rd, no throw by CF
|
Batting: RHB Aaron Cusick
|
0-0: Called Strike 0-1: Reached on error, E5 (Groundball, 56, EV 81.2 MPH) Jon Frederick scores
|
Batting: SHB Scott Bartholomew
|
0-0: Ball 1-0: Ball 2-0: Ground out U3 (Groundball, 3, EV 86.2 MPH)
|
Bottom of the 2nd over - 1 run, 0 hits, 2 errors, 1 left on base; Nashville 0 - Toledo 1 |
TOP OF THE 3RD |
Nashville Sounds batting - Pitching for Toledo Mud Hens : RHP Andy Miller
|
Batting: SHB Ryan Chicoine
|
0-0: Foul Ball, location: 2F 0-1: Ball 1-1: Ball 2-1: Ball 3-1: Base on Balls
|
Batting: RHB Jeff Garofalo
|
0-0: Swinging Strike 0-1: Foul Ball, location: 2F 0-2: Ball 1-2: Foul Ball, location: 2F 1-2: Ball 2-2: Strikes out swinging
|
Batting: SHB Robert Santiago
|
0-0: Ball Ryan Chicoine steals 2nd base 1-0: Foul Ball, location: 2F 1-1: Foul Ball, location: 2F 1-2: SINGLE (Flyball, 8RS, EV 86.9 MPH) Ryan Chicoine to third Runner from 3rd tries for Home, SAFE, throw by CF to home
|
Batting: RHB Tim Cordle
|
0-0: Called Strike 0-1: Foul Ball, location: 2F 0-2: Ball 1-2: Foul Ball, location: 2F 1-2: Grounds into double play, 5-4-3 (Groundball, 56, EV 96.9 MPH)
|
Top of the 3rd over - 1 run, 1 hit, 0 errors, 0 left on base; Nashville 1 - Toledo 1 |
BOTTOM OF THE 3RD |
Toledo Mud Hens batting - Pitching for Nashville Sounds : LHP Kevin Clark
|
Batting: SHB Chris Wagler
|
0-0: Called Strike 0-1: Foul Ball, location: 2F 0-2: Foul Ball, location: 2F 0-2: Ball 1-2: Ball 2-2: Foul Ball, location: 2F 2-2: Ball 3-2: Foul Ball, location: 2F 3-2: SINGLE (Groundball, 56D, EV 103.1 MPH)
|
Batting: LHB Bill Ford
|
0-0: Ball 1-0: Swinging Strike 1-1: Called Strike 1-2: Ball 2-2: Foul Ball, location: 2F 2-2: Strikes out swinging
|
Batting: RHB J.J. Basil
|
0-0: Called Strike 0-1: Fly out, F7 (Flyball, 78S, EV 90.6 MPH)
|
Batting: RHB Joel Miller
|
0-0: Ball 1-0: Called Strike 1-1: Swinging Strike 1-2: SINGLE (Groundball, 34D, EV 108.1 MPH) Chris Wagler to second Runner from 2nd tries for 3rd, OUT! 9-5
|
Bottom of the 3rd over - 0 runs, 2 hits, 0 errors, 1 left on base; Nashville 1 - Toledo 1 |
TOP OF THE 4TH |
Nashville Sounds batting - Pitching for Toledo Mud Hens : RHP Andy Miller
|
Batting: RHB David Herrera
|
0-0: Called Strike 0-1: Ball 1-1: Foul Ball, location: 2F 1-2: Strikes out swinging
|
Batting: RHB Ryan Kinkead
|
0-0: DOUBLE (Line Drive, 89XD, EV 106.2 MPH)
|
Batting: RHB Wade Diamond
|
0-0: Fly out, F8 (Line Drive, 8LM, EV 95.0 MPH)
|
Batting: SHB D.J. Codd
|
0-0: Called Strike 0-1: Swinging Strike 0-2: Ball 1-2: Strikes out swinging
|
Top of the 4th over - 0 runs, 1 hit, 0 errors, 1 left on base; Nashville 1 - Toledo 1 |
BOTTOM OF THE 4TH |
Toledo Mud Hens batting - Pitching for Nashville Sounds : LHP Kevin Clark
|
Now in RF: Zachary DeLuca
|
|
Batting: LHB Jon Frederick
|
0-0: Ball 1-0: Foul Ball, location: 2F 1-1: Foul Ball, location: 2F 1-2: Ground out 4-3 (Groundball, 4, EV 80.6 MPH)
|
Batting: RHB Dan Becvar
|
0-0: Foul Ball, location: 2F 0-1: Ball 1-1: Called Strike 1-2: Strikes out swinging
|
Batting: RHB Keith Hoffman
|
0-0: Ball 1-0: Foul Ball, location: 2F 1-1: Called Strike 1-2: Foul Ball, location: 2F 1-2: Strikes out swinging
|
Bottom of the 4th over - 0 runs, 0 hits, 0 errors, 0 left on base; Nashville 1 - Toledo 1 |
TOP OF THE 5TH |
Nashville Sounds batting - Pitching for Toledo Mud Hens : RHP Andy Miller
|
Batting: LHB Zachary DeLuca
|
0-0: Ball 1-0: Swinging Strike 1-1: Ball 2-1: Foul Ball, location: 2F 2-2: Strikes out swinging
|
Batting: SHB Ryan Chicoine
|
0-0: Called Strike 0-1: Ground out 5-3 (Groundball, 56D, EV 105.0 MPH)
|
Batting: RHB Jeff Garofalo
|
0-0: Ball 1-0: Ball 2-0: Ball 3-0: Called Strike 3-1: Ground out 6-3 (Groundball, 6S, EV 88.1 MPH)
|
Top of the 5th over - 0 runs, 0 hits, 0 errors, 0 left on base; Nashville 1 - Toledo 1 |
BOTTOM OF THE 5TH |
Toledo Mud Hens batting - Pitching for Nashville Sounds : LHP Kevin Clark
|
Batting: RHB Aaron Cusick
|
0-0: Called Strike 0-1: Ground out 5-3 (Groundball, 56, EV 84.4 MPH)
|
Batting: SHB Scott Bartholomew
|
0-0: Fly out, F2 (Popup, 23F, EV 88.1 MPH)
|
Batting: SHB Chris Wagler
|
0-0: Ball 1-0: Fly out, F9 (Flyball, 9S, EV 86.2 MPH)
|
Bottom of the 5th over - 0 runs, 0 hits, 0 errors, 0 left on base; Nashville 1 - Toledo 1 |
TOP OF THE 6TH |
Nashville Sounds batting - Pitching for Toledo Mud Hens : RHP Andy Miller
|
Batting: SHB Robert Santiago
|
0-0: Foul Ball, location: 2F 0-1: Ball 1-1: Ball 2-1: Foul Ball, location: 2F 2-2: Strikes out swinging
|
Batting: RHB Tim Cordle
|
0-0: Ball 1-0: Called Strike 1-1: Ground out U3 (Groundball, 34, EV 104.4 MPH)
|
Batting: RHB David Herrera
|
0-0: Foul Ball, location: 2F 0-1: Ball 1-1: Ball 2-1: Called Strike 2-2: Ball 3-2: Ground out 5-3 (Groundball, 15, EV 85.0 MPH)
|
Top of the 6th over - 0 runs, 0 hits, 0 errors, 0 left on base; Nashville 1 - Toledo 1 |
BOTTOM OF THE 6TH |
Toledo Mud Hens batting - Pitching for Nashville Sounds : LHP Kevin Clark
|
Batting: LHB Bill Ford
|
0-0: Ball 1-0: Ground out 6-3 (Groundball, 6M, EV 93.1 MPH)
|
Batting: RHB J.J. Basil
|
0-0: Foul Ball, location: 2F 0-1: Called Strike 0-2: Strikes out looking
|
Batting: RHB Joel Miller
|
0-0: Foul Ball, location: 2F 0-1: Called Strike 0-2: Ball 1-2: Ground out 6-3 (Groundball, 6, EV 86.9 MPH)
|
Bottom of the 6th over - 0 runs, 0 hits, 0 errors, 0 left on base; Nashville 1 - Toledo 1 |
TOP OF THE 7TH |
Nashville Sounds batting - Pitching for Toledo Mud Hens : RHP Andy Miller
|
Batting: RHB Ryan Kinkead
|
0-0: Swinging Strike 0-1: Ball 1-1: Foul Ball, location: 2F 1-2: Ball 2-2: Ball 3-2: Foul Ball, location: 2F 3-2: Foul Ball, location: 2F 3-2: Foul Ball, location: 2F 3-2: Fly out, F9 (Flyball, 89M, EV 90.6 MPH)
|
Batting: RHB Wade Diamond
|
0-0: Swinging Strike 0-1: Called Strike 0-2: Fly out, F8 (Flyball, 8LXD, EV 90.0 MPH)
|
Batting: SHB D.J. Codd
|
0-0: Ball 1-0: Called Strike 1-1: Foul Ball, location: 2F 1-2: Foul Ball, location: 2F 1-2: Foul Ball, location: 2F 1-2: Strikes out swinging, 2-3 out at first.
|
Top of the 7th over - 0 runs, 0 hits, 0 errors, 0 left on base; Nashville 1 - Toledo 1 |
BOTTOM OF THE 7TH |
Toledo Mud Hens batting - Pitching for Nashville Sounds : LHP Kevin Clark
|
Batting: LHB Jon Frederick
|
0-0: Ball 1-0: Ball 2-0: Ball 3-0: Called Strike 3-1: Foul Ball, location: 2F 3-2: Strikes out swinging
|
Batting: RHB Dan Becvar
|
0-0: Swinging Strike 0-1: Called Strike 0-2: Strikes out swinging
|
Batting: RHB Keith Hoffman
|
0-0: Called Strike 0-1: Ball 1-1: Called Strike 1-2: Foul Ball, location: 2F 1-2: Foul Ball, location: 2F 1-2: Foul Ball, location: 2F 1-2: Ball 2-2: Foul Ball, location: 2F 2-2: Foul Ball, location: 2F 2-2: Foul Ball, location: 2F 2-2: Foul Ball, location: 2F 2-2: Foul Ball, location: 2F 2-2: Ground out 3-1 (Groundball, 34, EV 98.8 MPH)
|
Bottom of the 7th over - 0 runs, 0 hits, 0 errors, 0 left on base; Nashville 1 - Toledo 1 |
TOP OF THE 8TH |
Nashville Sounds batting - Pitching for Toledo Mud Hens : RHP Andy Miller
|
Pitching: RHP Chris Kimura
|
|
Batting: LHB Zachary DeLuca
|
0-0: Ball 1-0: Ball 2-0: Foul Ball, location: 2F 2-1: Swinging Strike 2-2: Ball 3-2: SINGLE (Groundball, 34D, EV 102.5 MPH)
|
Batting: SHB Ryan Chicoine
|
0-0: Bunted foul 0-1: Bunted foul 0-2: Ball 1-2: Foul Ball, location: 2F 1-2: DOUBLE (Line Drive, 89D, EV 106.9 MPH) Zachary DeLuca to third
|
Batting: RHB Jeff Garofalo
|
0-0: Ball 1-0: Foul Ball, location: 2F 1-1: Foul Ball, location: 2F 1-2: Strikes out swinging
|
Batting: SHB Robert Santiago
|
0-0: SINGLE (Groundball, 5S, EV 65.6 MPH) (infield hit) Zachary DeLuca scores Ryan Chicoine to third
|
Batting: RHB Tim Cordle
|
0-0: Ball 1-0: Fly out, F5 (Line Drive, 5L, EV 75.6 MPH)
|
Batting: RHB David Herrera
|
0-0: Swinging Strike 0-1: Swinging Strike 0-2: Ball 1-2: Foul Ball, location: 2F 1-2: Strikes out looking
|
Top of the 8th over - 1 run, 3 hits, 0 errors, 2 left on base; Nashville 2 - Toledo 1 |
BOTTOM OF THE 8TH |
Toledo Mud Hens batting - Pitching for Nashville Sounds : LHP Kevin Clark
|
Pitching: RHP Márcio Travanca
|
|
Now at 1B: Zachary DeLuca
|
|
Now in RF: Chance Stever
|
|
Batting: RHB Aaron Cusick
|
0-0: Ball 1-0: Called Strike 1-1: Ground out 5-3 (Groundball, 25, EV 65.6 MPH)
|
Batting: SHB Scott Bartholomew
|
0-0: Ball 1-0: Swinging Strike 1-1: Called Strike 1-2: Ball 2-2: Ball 3-2: Strikes out looking
|
Batting: SHB Chris Wagler
|
0-0: Called Strike 0-1: Called Strike 0-2: Foul Ball, location: 2F 0-2: Ball 1-2: Fly out, F7 (Flyball, 7D, EV 83.8 MPH)
|
Bottom of the 8th over - 0 runs, 0 hits, 0 errors, 0 left on base; Nashville 2 - Toledo 1 |
TOP OF THE 9TH |
Nashville Sounds batting - Pitching for Toledo Mud Hens : RHP Chris Kimura
|
Pitching: RHP Luis Brown
|
|
Batting: RHB Ryan Kinkead
|
0-0: Ball 1-0: Ball 2-0: Called Strike 2-1: Swinging Strike 2-2: Foul Ball, location: 2F 2-2: Ball 3-2: Ground out U3 (Groundball, 3, EV 83.1 MPH)
|
Batting: RHB Wade Diamond
|
0-0: Foul Ball, location: 3F, Error on foul ball, E3 0-1: SINGLE (Flyball, 3D, EV 96.9 MPH)
|
Batting: SHB D.J. Codd
|
0-0: Fly out, F8 (Flyball, 8RM, EV 91.2 MPH)
|
Batting: LHB Zachary DeLuca
|
0-0: Foul Ball, location: 2F 0-1: Called Strike 0-2: Ball 1-2: Foul Ball, location: 2F 1-2: Ball 2-2: Ball 3-2: Base on Balls Wade Diamond to second
|
Batting: SHB Ryan Chicoine
|
0-0: Called Strike 0-1: Ball 1-1: Ball 2-1: Ball 3-1: SINGLE (Line Drive, 6M, EV 95.6 MPH) Wade Diamond to third Zachary DeLuca to second
|
Pitching: RHP Martin Murillo
|
|
Batting: RHB Jeff Garofalo
|
0-0: Swinging Strike 0-1: Foul Ball, location: 2F 0-2: Ball 1-2: Ball 2-2: Strikes out swinging
|
Top of the 9th over - 0 runs, 2 hits, 1 error, 3 left on base; Nashville 2 - Toledo 1 |
BOTTOM OF THE 9TH |
Toledo Mud Hens batting - Pitching for Nashville Sounds : RHP Márcio Travanca
|
Now at 2B: Eduardo Chavez
|
|
Batting: LHB Bill Ford
|
0-0: Called Strike 0-1: Ball 1-1: Foul Ball, location: 2F 1-2: Strikes out looking
|
Batting: RHB J.J. Basil
|
0-0: Ball 1-0: Ball 2-0: Swinging Strike 2-1: Called Strike 2-2: Fly out, F2 (Popup, 3SF, EV 75.0 MPH)
|
Batting: RHB Joel Miller
|
0-0: Called Strike 0-1: Foul Ball, location: 2F 0-2: Ball 1-2: Fly out, F8 (Flyball, 78M, EV 82.5 MPH)
|
Bottom of the 9th over - 0 runs, 0 hits, 0 errors, 0 left on base; Nashville 2 - Toledo 1 |
|